Map: Terraform LE (Void)

Players

FanWei

  • Race: Zerg Zerg
  • League: Gold

Entropy - Winner!

  • Race: Zerg Zerg
  • League: Grandmaster

VOD

Have the link to the VOD?

Description

shit tier unranked lel just trying to see spending quotient because ravageres

Time

  • Played on: Oct. 10, 2015, 11:38 p.m.
  • Length: 11:33
Show
View Real Time Build Order
Export as new Build Order

FanWei Zerg 

Build Orders: Pool First 

Get SALT Encoding   

  12  0:03  Drone  
  13  0:12  Drone  
  14  0:19  Overlord  
  14  0:23  Extractor  
  14  0:25  Drone, Extractor  
  15  0:38  Drone x2  
  17  0:53  Extractor  
  17  0:54  Drone  
  17  0:55  Spawning Pool  
  16  0:59  Drone  
  17  1:22  Hatchery  
  16  1:30  Overlord  
  16  1:35  Drone  
  16  1:38  Drone  
  18  1:54  Queen  
  20  2:05  Metabolic Boost  
  20  2:07  Zergling x2  
  21  2:10  Zergling x2  
  21  2:13  Drone  
  23  2:20  Zergling x2  
  24  2:30  Roach Warren, Drone  
  24  2:42  Zergling x2  
  25  2:49  Queen  
  27  2:56  Spine Crawler  
  26  2:58  Zergling x2  
  26  3:03  Drone  
  26  3:05  Drone  
  29  3:12  Overlord  
  29  3:15  Drone  
  30  3:23  Drone  
  30  3:24  Drone x2  
  33  3:28  Extractor  
  32  3:45  Drone x2  
  32  3:46  Drone x2  
  36  3:50  Drone x2  
  36  3:51  Lair  
  36  3:55  Drone  
  38  4:16  Roach x2  
  38  4:17  Roach  
  38  4:18  Roach x2  
  38  4:21  Overlord x2  
  44  4:31  Overlord  
  44  4:42  Roach x3  
  44  4:43  Roach x2  
  54  4:46  Zergling x2  
  54  4:52  Roach  
  57  4:55  Glial Reconstitution  
  57  4:58  Drone x3  
  60  5:12  Zergling x2  
  60  5:13  Zergling x4  
  63  5:14  Zergling x2  
  63  5:15  Zergling x2  
  63  5:20  Drone  
  63  5:21  Evolution Chamber  
  65  5:24  Overlord x2  
  64  5:30  Zergling x6  
  64  5:35  Overlord  
  67  5:53  Ravager x6  
  73  5:59  Roach x2  
  72  6:15  Roach  
  72  6:16  Roach x3  
  80  6:30  Zergling x2  
  72  6:45  Zergling x6  
  72  6:46  Zergling x4  
  66  6:50  Roach x2  
  66  6:53  Drone x3  
  73  6:54  Hatchery  
  73  6:57  Hydralisk Den  
  73  7:01  Hatchery, Zergling x2  
  70  7:03  Roach  
  70  7:06  Zerg Missile Weapons Level 1  
  73  7:09  Extractor  
  73  7:11  Extractor  
  71  7:22  Roach x2  
  75  7:23  Drone x3  
  75  7:26  Drone  
  75  7:27  Drone  
  80  7:31  Overseer  
  80  7:35  Drone  
  80  7:36  Drone x3  
  83  7:50  Roach  
  85  7:52  Drone x2  
  85  7:56  Overlord  
  85  8:06  Roach x3  
  88  8:14  Drone, Queen  
  88  8:16  Drone x2  
  88  8:19  Drone x4  
  97  8:23  Hydralisk x2  
  101  8:34  Muscular Augments  
  101  8:35  Evolution Chamber  
  101  8:40  Overseer  
  100  8:41  Roach  
  100  8:42  Roach x3  
  100  8:45  Zergling x6  
  111  8:50  Overseer  
  111  8:52  Pneumatized Carapace  
  111  9:01  Queen  
  110  9:06  Roach  
  110  9:07  Overlord x4  
  111  9:11  Zerg Ground Armor Level 1  
  111  9:32  Hydralisk x6  
  111  9:34  Hydralisk x2  
  127  9:42  Drone x2  
  127  9:43  Drone  
  130  9:45  Extractor  
  130  9:46  Extractor  
  130  9:49  Drone x3  
  130  9:50  Drone x2  
  133  10:13  Roach  
  135  10:15  Overlord x4  
  95  10:41  Roach x5  
  95  10:43  Roach x4  
  95  10:44  Roach x3  
  95  10:46  Zergling x12  
  70  11:10  Roach x2  
  70  11:11  Roach  
Show
View Real Time Build Order
Export as new Build Order

Entropy Zerg - Winner!

Build Orders: Hatch First 

Get SALT Encoding   

  12  0:01  Drone  
  13  0:13  Overlord  
  13  0:19  Drone  
  14  0:24  Extractor  
  14  0:25  Drone  
  15  0:35  Drone  
  16  0:36  Drone  
  17  0:54  Hatchery  
  17  0:56  Drone  
  17  1:05  Drone  
  17  1:07  Extractor  
  17  1:08  Drone  
  18  1:18  Drone  
  19  1:27  Spawning Pool  
  19  1:30  Drone  
  19  1:39  Drone  
  20  1:51  Drone  
  21  2:01  Overlord  
  21  2:13  Zergling x2  
  22  2:16  Drone  
  22  2:18  Metabolic Boost  
  22  2:19  Queen x2  
  22  2:21  Zergling x2  
  28  2:23  Drone  
  28  2:29  Drone  
  30  2:33  Baneling Nest  
  29  2:37  Drone  
  29  2:42  Drone  
  29  2:43  Drone  
  32  2:50  Drone  
  33  2:55  Drone  
  33  2:57  Queen  
  36  3:03  Overlord  
  35  3:17  Overlord  
  35  3:25  Zergling x6  
  38  3:27  Baneling x2  
  38  3:30  Drone  
  38  3:31  Drone  
  38  3:33  Hatchery  
  38  3:34  Drone  
  40  3:35  Drone  
  40  3:39  Drone  
  42  3:43  Drone x2  
  42  3:48  Drone x2  
  45  3:51  Drone  
  45  4:19  Drone x2  
  45  4:20  Overlord x2  
  45  4:21  Roach Warren  
  46  4:26  Drone x3  
  46  4:27  Extractor  
  46  4:28  Zergling x2  
  49  4:38  Evolution Chamber  
  49  4:39  Evolution Chamber  
  49  4:40  Drone x2  
  49  4:41  Spine Crawler  
  48  4:47  Baneling x2  
  48  4:48  Queen, Baneling x3  
  48  4:52  Drone  
  51  4:53  Drone x7  
  58  5:05  Zerg Missile Weapons Level 1, Zerg Ground Armor Level 1  
  58  5:06  Roach  
  62  5:07  Roach  
  62  5:11  Drone  
  62  5:12  Drone x2  
  62  5:13  Extractor  
  64  5:14  Drone  
  64  5:18  Drone x6  
  71  5:25  Lair  
  71  5:32  Roach  
  71  5:35  Zergling x2  
  74  5:36  Overlord x3  
  70  5:55  Roach x6  
  70  5:56  Roach  
  70  5:57  Roach, Zergling x2  
  78  5:58  Zergling x2  
  76  6:05  Roach x2  
  76  6:07  Zergling x8  
  84  6:13  Roach  
  84  6:16  Roach x3  
  90  6:21  Roach x2  
  90  6:25  Overlord x2  
  82  6:41  Roach x4  
  88  6:48  Glial Reconstitution  
  88  6:59  Roach  
  88  7:00  Roach x3  
  96  7:08  Drone  
  96  7:09  Drone x2, Extractor  
  96  7:14  Hatchery  
  97  7:26  Roach  
  97  7:27  Roach x4  
  107  7:37  Overlord x3  
  107  7:49  Overlord x2  
  107  7:55  Queen  
  111  7:58  Roach  
  111  7:59  Roach x3  
  111  8:14  Hatchery  
  111  8:17  Roach x6  
  111  8:18  Ravager  
  111  8:19  Ravager x4  
  127  8:28  Roach x3  
  133  8:46  Roach  
  133  8:47  Roach x4  
  143  8:54  Roach  
  145  9:06  Overlord, Roach  
  145  9:07  Overlord  
  145  9:08  Spine Crawler, Extractor  
  145  9:12  Drone x3  
  145  9:13  Overlord x2  
  148  9:29  Drone  
  150  9:31  Drone  
  150  9:33  Drone  
  151  9:39  Drone x3  
  154  9:55  Roach x4  
  154  9:56  Roach x2  
  166  10:07  Roach  
  166  10:08  Roach x3  
  166  10:09  Ravager  
  166  10:10  Ravager x4  
  179  10:17  Overlord x2  
  146  10:38  Roach x6  
  146  10:39  Roach x3  
  149  10:50  Roach x4  
  157  10:58  Roach x4  
Tags
 
Add a new tag
Caveats
  • Supply blocks, unpowered buildings, or Contaminate may cause inaccurate times.
  • Supply counts are checked every 10 seconds.